 Dungeon Crawl Stone Soup version 0.21.1-1-g345015fe64 (webtiles) character file.

426 Holzbalken the Cudgeler (level 6, -1/37 HPs)
             Began as a Gargoyle Monk on July 17, 2018.
             Slain by a leopard gecko (3 damage)
             ... on level 3 of the Dungeon.
             The game lasted 00:08:18 (3365 turns).

Holzbalken the Cudgeler (Gargoyle Monk)             Turns: 3365, Time: 00:08:19

Health: -1/37      AC: 16    Str: 16    XL:     6   Next: 97%
Magic:  6/6        EV:  5    Int: 11    God:
Gold:   161        SH:  0    Dex: 12    Spells: 5/5 levels left

rFire    . . .     SeeInvis .   a - +0 mace
rCold    . . .     Gourm    .   (no shield)
rNeg     + . .     Faith    .   k - +0 plate armour
rPois    ∞         Spirit   .   (no helmet)
rElec    +         Reflect  .   (no cloak)
rCorr    .         Harm     .   (no gloves)
MR       .....                  s - +1 pair of boots
Stlth    ..........             (no amulet)
HPRegen  0.12/turn              w - ring of poison resistance
MPRegen  0.10/turn              (no ring)

@: slowed, very slow
A: negative energy resistance 1, electricity resistance, unbreathing,
petrification resistance, rot immunity, AC +4
a: no special abilities


You were on level 3 of the Dungeon.
You were not hungry.

You visited 1 branch of the dungeon, and saw 3 of its levels.

You collected 161 gold pieces.

Inventory:

Hand Weapons
 a - a +0 mace (weapon)
Armour
 b - a +0 robe
 e - a +0 ring mail
 k - a +0 plate armour (worn)
 s - a +1 pair of boots (worn)
Jewellery
 w - a ring of poison resistance (left hand)
Wands
 i - a wand of flame (20)
Scrolls
 d - 3 scrolls of teleportation {unknown}
 g - 2 scrolls of noise {unknown}
 h - 2 scrolls of identify {unknown}
 j - a scroll of fog {unknown}
 l - a scroll of blinking {unknown}
 n - 2 scrolls of magic mapping {unknown}
 o - a scroll of enchant armour {unknown}
 t - a scroll of remove curse {unknown}
 u - a scroll of immolation {unknown}
 v - a scroll of amnesia {unknown}
 x - a scroll of enchant weapon {unknown}
Potions
 f - a potion of heal wounds {unknown}
 m - a potion of berserk rage {unknown}
 p - a potion of agility
 q - a potion of invisibility {unknown}
Comestibles
 c - 6 rations


   Skills:
 - Level 3.2 Fighting
 + Level 7.6 Maces & Flails
 - Level 2.4 Dodging
 - Level 2.1 Stealth


You had 5 spell levels left.
You didn't know any spells.

Dungeon Overview and Level Annotations

Branches:
Dungeon (3/15)

Altars:


Innate Abilities, Weirdness & Mutations

You are resistant to torment.
Your stone body is resilient. (AC +4)
You are immune to poison.
You resist negative energy. (rN+)
You are resistant to electric shocks. (rElec)
You can survive without breathing.
You are immune to petrification.
You are immune to rotting.


Message History

The leopard gecko bites you but does no damage. x2
Unknown command.
You closely miss the leopard gecko.
The leopard gecko bites you but does no damage.
The leopard gecko barely misses you.
Your plate armour prevents you from hitting the leopard gecko.
The leopard gecko bites you but does no damage.
The leopard gecko barely misses you.
Your plate armour prevents you from hitting the leopard gecko.
The leopard gecko bites you but does no damage. x2
You closely miss the leopard gecko.
The leopard gecko bites you but does no damage.
You hit the leopard gecko but do no damage.
The leopard gecko closely misses you.
The leopard gecko bites you but does no damage.
You hit the leopard gecko.
The leopard gecko is severely wounded.
The leopard gecko bites you but does no damage.
The leopard gecko bites you.
You die...

#.................###
#.................##
#...............#..##
#...............##..#
##...............###.#
#...............##
#.##
#.##...........###
#..#
#.###....#####...#
##.## #......l@...#
###.## #..#
......!.....# #..#
##.# ###..(......#
##.## #.# #.........#
#..###.. #.........#
##....#. #.........#
####.#. #.........#
#..# ###########
#########..
######..........


You could see a leopard gecko.

Vanquished Creatures
  Sigmund (D:3)
  The ghost of AdeptTechnicus the Shooter, an amateur CeHu (D:3)
  A scorpion (D:3)
  Natasha (twice) (D:3)
  4 adders
  3 worms
  A dart slug (D:1)
  3 leopard geckos
  4 giant cockroaches
  6 goblins
  5 hobgoblins
  A quokka (D:2)
  2 bats (D:2)
  A frilled lizard (D:1)
  5 kobolds
  3 rats (D:1)
43 creatures vanquished.

Notes
Turn   | Place    | Note
-------+----------+-------------------------------------------
     0 | D:1      | Holzbalken the Gargoyle Monk began the quest for the Orb.
     0 | D:1      | Reached XP level 1. HP: 14/14 MP: 1/1
   170 | D:1      | Reached XP level 2. HP: 18/19 MP: 2/2
   672 | D:1      | Reached skill level 4 in Maces & Flails
   989 | D:2      | Reached XP level 3. HP: 14/23 MP: 3/3
  1474 | D:2      | Reached XP level 4. HP: 25/28 MP: 4/4
  1960 | D:3      | Noticed Natasha
  1979 | D:3      | Killed Natasha
  1979 | D:3      | Reached skill level 5 in Maces & Flails
  2044 | D:3      | Noticed AdeptTechnicus's ghost (amateur CeHu)
  2332 | D:3      | Noticed Sigmund
  2379 | D:3      | Killed Sigmund
  2379 | D:3      | Reached skill level 6 in Maces & Flails
  2379 | D:3      | Reached XP level 5. HP: 18/32 MP: 5/5
  2379 | D:3      | Reached XP level 6. HP: 21/37 MP: 6/6
  2573 | D:3      | Reached skill level 7 in Maces & Flails
  2773 | D:3      | Noticed Natasha
  3215 | D:3      | Killed AdeptTechnicus's ghost
  3356 | D:3      | HP: 1/37 [leopard gecko (3)]
  3358 | D:3      | Killed Natasha
  3365 | D:3      | Slain by a leopard gecko

Skill      XL: |  1  2  3  4  5  6 |
---------------+-------------------+-----
Maces & Flails | 4 6 7 |  7.6
Fighting       | |  3.2
Dodging        | |  2.4
Stealth        | |  2.1

Action                   |  1- 3 |  4- 6 || total
-------------------------+-------+-------++-------
Melee: Mace              |   117 |   219 ||   336
  Use: Potion            |       |     3 ||     3
 Stab: Sleeping          |     1 |       ||     1
  Eat: Chunk             |     2 |     4 ||     6
       Ration            |       |     1 ||     1
Armor: Ring mail         |     4 |       ||     4
       Plate armour      |    86 |   302 ||   388
Dodge: Dodged            |    36 |    89 ||   125
